 Dungeon Crawl Stone Soup version 0.30-a0-965-g42e074c17a (webtiles) character file.

Game seed: 4179766241156324042

198 EonDragon20 the Insei (level 5, -10/39 HPs)
             Began as a Merfolk Transmuter on Mar 30, 2023.
             Mangled by an ogre
             ... wielding a +0 giant club
              (34 damage)
             ... on level 3 of the Dungeon.
             The game lasted 00:17:28 (2464 turns).

EonDragon20 the Insei (Merfolk Transmuter)          Turns: 2464, Time: 00:17:28

Health: -10/39     AC:  8    Str: 10    XL:     5   Next: 77%
Magic:  9/9        EV: 12    Int: 17    God:
Gold:   119        SH:  0    Dex: 15    Spells: 3/9 levels left

rFire   . . .      SeeInvis .    g - +1 whip (elec)
rCold   + . .      Faith    .    (no shield)
rNeg    . . .      Spirit   .    e - +3 leather armour of the Unbroken {rC+ Int+3 Stlth+}
rPois   .          Reflect  .    a - +0 helmet
rElec   .          Rampage  .    (no cloak)
rCorr   .                        (no gloves)
Will    .....                    l - +0 pair of boots
Stlth   ++                       (no amulet)
HPRegen 0.26/turn                (no ring)
MPRegen 0.11/turn                (no ring)

@: no status effects
A: (nimble swimmer 2), mertail
a: no special abilities


You were on level 3 of the Dungeon.
You visited 1 branch of the dungeon, and saw 4 of its levels.

You collected 119 gold pieces.

Inventory:

Hand Weapons
 g - a +1 whip of electrocution (weapon)
Missiles
 q - a throwing net
Armour
 a - a +0 helmet (worn)
 e - the +3 leather armour of the Unbroken (worn) {rC+ Int+3 Stlth+}
   (You found it on level 3 of the Dungeon)

   Int:       It affects your intelligence (+3).
   rC:        It protects you from cold.
   Stlth:     It makes you more stealthy.
 l - a +0 pair of boots (worn)
Jewellery
 d - a ring of protection from cold
 i - a +6 ring of intelligence
Scrolls
 o - a scroll of fog {unknown}
 p - a scroll of identify
Potions
 b - 2 potions of lignification
 c - a potion of mutation {unknown}
 f - 3 potions of flight
 h - a potion of ambrosia {unknown}
 j - a potion of heal wounds
 k - 2 potions of attraction
 m - a potion of magic {unknown}
 n - 2 potions of curing


   Skills:
 + Level 2.3 Fighting
 - Level 2.9 Dodging
 * Level 4.5 Unarmed Combat
 + Level 2.8 Spellcasting
 * Level 4.5 Transmutations
 * Level 1.7 Poison Magic


You had 3 spell levels left.
You knew the following spells:

 Your Spells              Type           Power      Damage    Failure   Level
a - Beastly Appendage     Tmut           34%        N/A       3%          1
b - Wereblood             Tmut           17%        N/A       6%          2
c - Spider Form           Tmut/Pois      13%        N/A       21%         3

Your spell library contained the following spells:

 Spells                   Type           Power      Damage    Failure   Level
 Shock                    Conj/Air       8%         1d3       24%         1
 Summon Small Mammal      Summ           8%         N/A       24%         1
 Poisonous Vapours        Pois/Air       10%        N/A       26%         2
 Cigotuvi's Dreadful Rot  Necr/Pois/Air  8%         N/A       28%         2
 Mephitic Cloud           Conj/Pois/Air  4%         N/A       50%         3
 Call Canine Familiar     Summ           2%         N/A       58%         3
 Ozocubu's Armour         Ice            2%         N/A       58%         3
 Summon Guardian Golem    Hex/Summ       2%         N/A       58%         3
 Swiftness                Air            2%         N/A       58%         3
 Ice Form                 Ice/Tmut       10%        N/A       67%         4
 Airstrike                Air            1%         2d(1-17)  94%         4
 Passage of Golubria      Tloc           2%         N/A       94%         4
 Silence                  Hex/Air        1%         N/A       100%        5
 Ozocubu's Refrigeration  Ice            1%         4d7       100%        7
 Lehudib's Crystal Spear  Conj/Erth      1%         10d2      100%        8


Dungeon Overview and Level Annotations

Branches:
Dungeon (4/15)
 Temple: D:4-7

Altars:
Ashenzari
Gozag
Nemelex Xobeh
Vehumet
Wu Jian
Xom


Innate Abilities, Weirdness & Mutations

((You are very nimble when in or above water. (Stealth+, EV+, Speed+++)))
Your lower body shifts to a powerful aquatic tail in water.


Message History

The gnoll completely misses you.
You bite the gnoll!
The gnoll is severely wounded.
Your transformation is almost over.
The gnoll barely misses you.
You hit the gnoll.
The gnoll is almost dead.
The gnoll hits you but does no damage.
You hit the gnoll but do no damage.
The gnoll looks as sick as possible!
The gnoll is almost dead.
You kill the gnoll!
You see here a +0 spear.
You start resting.
Your transformation has ended.
Your +1 whip of electrocution unmelds from your body.
Your +0 helmet unmelds from your body.
Your +0 pair of boots unmelds from your body.
The +3 leather armour of the Unbroken {rC+ Int+3 Stlth+} unmelds from your body.
You hear the crackle of electricity.
You start resting.
Magic restored.
You see here a +0 spear.
You start resting.
HP restored.
You see here a +0 spear.
Things that are here:
a +0 flail; a gnoll corpse
q - a throwing net
There is a stone staircase leading down here.
You climb downwards.
The ogre shouts!
Found a metallic white potion.
There is a stone staircase leading up here.
The ogre hits you with a +0 giant club!
You climb upwards.
There is a stone staircase leading down here.
The ogre attacks as you move away!
The ogre hits you with a +0 giant club!!
Ouch! That really hurt!
You die...

#_# #.†..### ##....#.# #.##
####...## ###...### ...#
##....)## #.....# ...##
#.......# #.##..# ....#
#.......# ########.###.#
....###.......###........#####
.8....###....................#
.#......###..............##..#
###8......÷.....@.)..........#
.#......###...###O######.##..#
. .8....###....## #.# ##..))##
♣♣ ....###.#...##
#.#####..)### ♣. ....#.....###
#..>##..#.# ♣. ...##...####
###....##.# ## ...#.......##
###..##.# ##.
#.##....##..##### ##...##.#
.#.
#_#....####(....###.....#.#
##...


You could see an ogre.

Vanquished Creatures
  A hound (D:3)
  Natasha (thrice) (D:3)
  3 gnolls (D:3)
  An adder (D:2)
  A worm (D:3)
  A dart slug (D:3)
  4 bats
  6 endoplasms
  A giant cockroach (D:3)
  7 goblins
  2 hobgoblins
  3 quokkas (D:2)
  10 ball pythons
  6 frilled lizards
  3 kobolds
  5 rats
57 creatures vanquished.

Notes
Turn   | Place    | Note
-------+----------+-------------------------------------------
     0 | D:1      | EonDragon20 the Merfolk Transmuter began the quest for the
                  | Orb.
     0 | D:1      | Reached XP level 1. HP: 15/15 MP: 3/3
   256 | D:1      | Reached XP level 2. HP: 21/21 MP: 3/5
   312 | D:1      | Learned a level 2 spell: Wereblood
   833 | D:2      | Reached XP level 3. HP: 19/26 MP: 4/6
  1024 | D:2      | Found an ornate altar of the Wu Jian Council.
  1442 | D:3      | Noticed Natasha
  1457 | D:3      | Killed Natasha
  1458 | D:3      | Reached XP level 4. HP: 23/33 MP: 7/7
  1500 | D:3      | Learned a level 3 spell: Spider Form
  1523 | D:3      | Found a radiant altar of Vehumet.
  1537 | D:3      | Found an opulent altar of Gozag.
  1818 | D:3      | Noticed Natasha
  1845 | D:3      | Killed Natasha
  1846 | D:3      | Reached skill level 1 in Poison Magic
  1846 | D:3      | Reached XP level 5. HP: 29/38 MP: 6/8
  1850 | D:3      | Noticed Natasha
  1860 | D:3      | Killed Natasha
  1984 | D:3      | Identified the +3 leather armour of the Unbroken {rC+ Int+3
                  | Stlth+}
  2146 | D:3      | Found a broken altar of Ashenzari.
  2150 | D:3      | Found a shimmering altar of Xom.
  2155 | D:3      | Found a sparkling altar of Nemelex Xobeh.
  2456 | D:4      | Noticed an ogre
  2464 | D:3      | Mangled by an ogre

Illustrated notes

Levels and vault maps discovered:
D:1:      eino_arrival_cavern_b, layout_rooms
D:2:      layout_loops_ring, basic_altar
D:3:      layout_rooms, minmay_overflow_temple_star_quad,
          mainiacjoe_overflow_swirl, minmay_fractal_squares_5, uniq_natasha,
          uniq_crazy_yiuf_cottage
D:4:      layout_basic, uniq_duvessa

Skill      XL: |  1  2  3  4 |
---------------+-------------+-----
Transmutations | 3 4 |  4.5
Unarmed Combat | 4 |  4.5
Fighting       | 2 |  2.3
Poison Magic   | 1 |  1.7
Dodging        | |  2.9
Spellcasting   | |  2.8

Action                     |  1- 3 |  4- 6 || total
---------------------------+-------+-------++-------
  Melee: Unarmed           |    15 |    10 ||    25
         Headbutt          |     8 |     8 ||    16
         Whip              |    76 |    63 ||   139
         Punch             |     1 |     1 ||     2
   Cast: Beastly Appendage |    14 |     8 ||    22
         Spider Form       |       |     1 ||     1
    Use: Scroll            |     9 |       ||     9
   Stab: Sleeping          |     2 |       ||     2
 Armour: Robe              |    19 |     8 ||    27
         Skin              |       |     1 ||     1
  Dodge: Dodged            |    56 |    41 ||    97

Table legend: (Time is in decaauts)
 A = Elapsed time spent in this place.
 B = Non-inter-level travel time spent in this place.
 C = Inter-level travel time spent in this place.
 D = Time resting spent in this place.
 E = Time spent auto-exploring this place.
 F = Levels seen in this place.
 G = Mean time per level.
                   A        B        C        D        E       F      G
               +--------+--------+--------+--------+--------+-----+--------+
         Total |   2467 |   2435 |     32 |    373 |      0 |   4 |  616.8 |
       Dungeon |   2467 |   2435 |     32 |    373 |      0 |   4 |  616.8 |
               +--------+--------+--------+--------+--------+-----+--------+

Top non-repeatable levels by time:
     D:3: 1027 daAuts
     D:2: 746 daAuts
     D:1: 691 daAuts
     D:4: 1 daAuts
